 Dungeon Crawl Stone Soup version 0.26.1-11-gd32895ea62 (webtiles) character file.

Game seed: 7470166126523946749

578 Zeld the Carver (level 7, 0/46 HPs)
             Began as an Octopode Monk on May 19, 2021.
             Hit by a boomerang thrown by an orc (1 damage)
             ... on level 4 of the Dungeon.
             The game lasted 00:04:20 (4958 turns).

Zeld the Carver (Octopode Monk)                     Turns: 4958, Time: 00:04:21

Health: 0/46       AC:  1    Str:  9 (12) XL:     7   Next: 36%
Magic:  7/7        EV: 14    Int: 11 (12) God:
Gold:   145        SH:  0    Dex: 12 (15) Spells: 6/6 levels left

rFire    . . .     SeeInvis .   a - +0 falchion
rCold    . . .     Faith    .   (no shield)
rNeg     . . .     Spirit   .   (helmet restricted)
rPois    .         Reflect  .   (no amulet)
rElec    .         Harm     .   (no ring)
rCorr    .         Rampage  .   (no ring)
Will     .....                  (no ring)
Stlth    +++.......             (no ring)
HPRegen  0.15/turn              (no ring)
MPRegen  0.10/turn              (no ring)
                                (no ring)
                                (no ring)

@: mighty
A: almost no armour, stealthy swim, amphibious, 8 rings, constrict 8, camouflage
1, gelatinous body 1
a: no special abilities


You were on level 4 of the Dungeon.
You visited 1 branch of the dungeon, and saw 4 of its levels.
You also visited: Ossuary.

You collected 145 gold pieces.

Inventory:

Hand Weapons
 a - a +0 falchion (weapon)
Jewellery
 p - an uncursed ring of protection from fire {unknown}
Scrolls
 g - 2 scrolls of amnesia {unknown}
 h - a scroll of blinking {unknown}
 i - a scroll of enchant armour {unknown}
 j - 2 scrolls of teleportation {unknown}
 k - a scroll of enchant weapon {unknown}
 l - a scroll of fog {unknown}
 n - a scroll of fear {unknown}
 q - 3 scrolls of identify {unknown}
 s - a scroll of random uselessness {unknown}
 v - a scroll of magic mapping {unknown}
Potions
 b - 4 potions of might
 c - 2 potions of mutation {unknown}
 e - a potion of lignification {unknown}
 f - a potion of cancellation {unknown}
 m - a potion of magic {unknown}
 o - a potion of resistance {unknown}
 r - 2 potions of degeneration
 t - a potion of brilliance {unknown}
 u - 2 potions of attraction {unknown}
 w - a potion of ambrosia {unknown}


   Skills:
 - Level 3.0 Fighting
 * Level 8.3 Long Blades
 - Level 3.0 Dodging
 - Level 2.6 Stealth


You had 6 spell levels left.
You didn't know any spells.
Your spell library was empty.

Dungeon Overview and Level Annotations

Branches:
Dungeon (4/15)            Ossuary (visited)
 Temple: D:4-7

Altars:
Fedhas
Kikubaaqudgha
Uskayaw


Innate Abilities, Weirdness & Mutations

You cannot wear most types of armour.
You are very stealthy in the water. (Stealth+)
You are amphibious.
You can wear up to eight rings at the same time.
You can use your tentacles to constrict eight enemies at once.
Your skin changes colour to match your surroundings (Stealth+).
Your rubbery body absorbs attacks. (AC +1, EV +1)


Message History

The orc priest hits you with a +0 short sword.
You closely miss the orc priest. You grab the orc priest.
You constrict the orc priest, but do no damage.
The orc priest begins to cast a cantrip, but forgets the words!
You slash the orc priest!
The orc priest is heavily wounded.
You constrict the orc priest, but do no damage.
The orc priest hits you with a +0 short sword.
* * * LOW HITPOINT WARNING * * *
You hit the orc priest.
The orc priest is almost dead.
You constrict the orc priest.
You kill the orc priest!
You hit the orc.
You kill the orc!
The orc priest mumbles some strange prayers to Beogh against you.
Beogh smites you!
* * * LOW HITPOINT WARNING * * *
The orc throws a boomerang.
The boomerang hits you.
You die...

..## +.# #.# ## #.###.#
#.# #. # #..##.####.## #w
##. ###..o#.......# #.
#..##.'.o....# #..#######.
#..###...#.####..........
##...##..##.......#######.
#.....#.###........# #.
#.....)##@).o.....## #.
#######.......###o#.##.##
#.
#.....##...##..##.####.#
#. ##.###.###.# #..#.# #.#
## #..#⌠#.# #. #.... #+# #
...###.# #. #... #
##.....# #.#### ##... #
##...## ....## ##. ##
.##..#######...#### ####.


You could see an orc priest and an orc.

Vanquished Creatures
  3 water moccasin zombies (Ossuary)
  A scorpion (D:3)
  2 orc priests (D:4)
  An orc wizard (D:4)
  4 big kobold zombies (Ossuary)
  3 mummies
  2 adders (D:3)
  7 adder zombies
  2 worms (D:2)
  2 dart slugs (D:1)
  4 leopard geckos
  10 orcs (D:4)
  10 bats
  5 giant cockroaches
  8 goblins
  11 hobgoblins
  5 jackals
  7 kobolds
  2 quokkas (D:2)
  4 ball pythons
  A ball python zombie (D:2)
  4 frilled lizards
  3 gnoll zombies (Ossuary)
  10 hobgoblin zombies (Ossuary)
  5 kobold zombies
  5 orc zombies (Ossuary)
  A quokka skeleton (D:2)
  7 rats
129 creatures vanquished.

Vanquished Creatures (others)
  2 kobold zombies (Ossuary)
  2 withered plants (D:2)
4 creatures vanquished.

Grand Total: 133 creatures vanquished

Notes
Turn   | Place    | Note
-------+----------+-------------------------------------------
     0 | D:1      | Zeld the Octopode Monk began the quest for the Orb.
     0 | D:1      | Reached XP level 1. HP: 16/16 MP: 1/1
    65 | D:1      | Reached XP level 2. HP: 14/21 MP: 2/2
   458 | D:1      | Reached skill level 4 in Long Blades
   492 | D:1      | Reached XP level 3. HP: 26/26 MP: 3/3
  1346 | D:2      | Reached XP level 4. HP: 31/31 MP: 4/4
  1975 | D:2      | Reached skill level 5 in Long Blades
  1988 | D:2      | Found a blossoming altar of Fedhas.
  1992 | D:2      | Found an ancient bone altar of Kikubaaqudgha.
  2076 | D:2      | Found a hide-covered altar of Uskayaw.
  2447 | D:3      | Reached XP level 5. HP: 36/36 MP: 5/5
  2502 | D:3      | Reached skill level 6 in Long Blades
  3258 | D:4      | Found a sand-covered staircase.
  3495 | Ossuary  | Entered an ossuary
  3519 | Ossuary  | Reached XP level 6. HP: 27/42 MP: 6/6
  3942 | Ossuary  | Reached skill level 7 in Long Blades
  4246 | Ossuary  | Reached XP level 7. HP: 25/46 MP: 7/7
  4865 | Ossuary  | Reached skill level 8 in Long Blades
  4940 | D:4      | HP: 1/46 [orc/boomerang (4)]
  4958 | D:4      | HP: 1/46 [orc priest/divine providence (9)]
  4958 | D:4      | Hit by a boomerang thrown by an orc

Illustrated notes

Levels and vault maps discovered:
D:1:      dpeg_arrival_rhombus, layout_loops_corners, minmay_tall_x
D:2:      layout_rooms, nicolae_overflow_crystal_walls,
          grunt_temple_overflow_growth_and_decay, serial_undead,
          serial_undead_c, serial_undead_b, serial_undead_c, serial_undead_a
D:3:      layout_loops_ring
D:4:      layout_loops_corners, nicolae_qazlal_eye_of_the_storm,
          nicolae_ossuary_entry_giza, feat_on_display

Skill      XL: |  1  2  3  4  5  6  7 |
---------------+----------------------+-----
Long Blades    | 4 5 6 7 8 |  8.3
Fighting       | |  3.0
Dodging        | |  3.0
Stealth        | |  2.6

Action                   |  1- 3 |  4- 6 |  7- 9 || total
-------------------------+-------+-------+-------++-------
Melee: Falchion          |    67 |   162 |    54 ||   283
       Constrict         |    22 |    58 |    14 ||    94
       Tentacles         |    17 |    50 |    14 ||    81
  Use: Potion            |       |       |     5 ||     5
 Stab: Sleeping          |    16 |    10 |     1 ||    27
       Distracted        |       |       |     1 ||     1
Armor: Skin              |     8 |     6 |     3 ||    17
Dodge: Dodged            |    45 |   122 |    31 ||   198
       Rpst.: Falchion   |    13 |    40 |     6 ||    59
